 Dungeon Crawl Stone Soup version 0.31.0-9-g3a7656b989 (webtiles) character file.

Game seed: 15555892784296003419

25 qw the Shooter (level 2, -1/16 HPs)
             Began as a Deep Elf Hunter on Feb 2, 2024.
             Slain by an adder (2 damage)
             ... on level 1 of the Dungeon.
             The game lasted 00:00:03 (624 turns).

qw the Shooter (Deep Elf Hunter)                     Turns: 624, Time: 00:00:03

Health: -1/16      AC:  6    Str:  8    XL:     2   Next: 82%
Magic:  4/4        EV:  8    Int: 13    God:
Gold:   28         SH:  0    Dex: 18    Spells: 1/1 levels left

rFire   . . .        a - +0 shortbow
rCold   . . .        (shield currently unavailable)
rNeg    . . .        j - +0 scale mail
rPois   .            (no helmet)
rElec   .            (no cloak)
rCorr   .            (no gloves)
SInv    .            (no boots)
Will    .....        (no amulet)
Stlth   +            (no ring)
HPRegen 0.22/turn    (no ring)
MPRegen 0.09/turn

%: no passive effects
@: no status effects
A: no striking features
a: no special abilities


You were on level 1 of the Dungeon.
You visited 1 branch of the dungeon, and saw 2 of its levels.

You collected 28 gold pieces.


   Skills:
 - Level 1.5 Fighting
 + Level 6.5 Ranged Weapons
 - Level 2.4 Dodging
 - Level 1.2 Stealth


You had one spell level left.
You didn't know any spells.
Your spell library was empty.

Inventory:

Hand Weapons
 a - a +0 shortbow (weapon)
Armour
 j - a +0 scale mail (worn)
Potions
 d - a potion of curing

Dungeon Overview and Level Annotations

Branches:
Dungeon (2/15)

Altars:


Message History

There is a stone staircase leading down here.
You climb downwards.
The adder hisses angrily.
The goblin shouts!
You hear a shout!
Found an escape hatch in the ceiling.
Found a stone staircase leading down.
There is a stone staircase leading up here.
There are monsters nearby!
Waypoint 1 assigned to D:2.
You shoot an arrow. The arrow misses the adder.
616 ||| STAIRDANCE The adder bites you but does no damage.
The adder bites you.
You are poisoned.
The adder poisons you!
You climb upwards.
You feel sick.
There is a stone staircase leading down here.
You shoot an arrow. The arrow hits the adder.
The adder is lightly wounded.
You feel sick. The adder barely misses you.
You shoot an arrow. The arrow hits the adder.
The adder is heavily wounded.
You feel sick.
You are no longer poisoned.
The adder bites you.
You are poisoned.
The adder poisons you! The adder bites you but does no damage.
You shoot an arrow. The arrow closely misses the adder.
You feel sick. The adder bites you. The adder barely misses you.
You shoot an arrow.
The arrow hits the adder but does no damage.
The adder is heavily wounded.
You feel sick. The adder barely misses you.
The adder bites you but does no damage.
You shoot an arrow. The arrow hits the adder.
The adder is severely wounded.
You feel sick.
You are no longer poisoned.
The adder bites you. The adder bites you but does no damage.
You shoot an arrow. The arrow misses the adder.
The adder closely misses you. The adder bites you but does no damage.
You shoot an arrow. The arrow barely misses the adder.
The adder bites you.
You die...

#....# ######## #.# ##
#...############# #.##
.#####.#.............## #..#
#......##.##########..## ###.##
#.##...##.# ##..## #.....
#.##......############..## #.....
#..........#.......# ##..# #.....
##..#..............# ##.###.....
###.#...##.....S@..# #.).......
#..####...#........## #.)##.....
.########.##........#####.#####..
##.)...............##P7P..#P###..
#######.......#######P#.).PPP#..
#....##..#####PP.%.%.P7#..
###...####.....##~......7#..
######............###7...ยค...7#..
.......####.........#P.......P#..


You could see an adder.

Vanquished Creatures
  3 endoplasms (D:1)
  6 hobgoblins (D:1)
  A quokka (D:1)
  2 ball pythons (D:1)
  A bat (D:1)
  4 frilled lizards (D:1)
  A goblin (D:1)
  6 kobolds (D:1)
  A rat (D:1)
25 creatures vanquished.

Notes
Turn   | Place    | Note
-------+----------+-------------------------------------------
     0 | D:1      | qw the Deep Elf Hunter began the quest for the Orb.
     0 | D:1      | Reached XP level 1. HP: 12/12 MP: 3/3
     0 | D:1      | 0 ||| qw: Version: 0.3-a-155-g5e7d8dd
     0 | D:1      | 0 ||| qw: Game counter: 813
     0 | D:1      | 0 ||| qw: Melee chars always use a shield: true
     0 | D:1      | 0 ||| qw: God list: Okawaru
     0 | D:1      | 0 ||| qw: Allow faded altars: false
     0 | D:1      | 0 ||| qw: Do Orc after clearing Dungeon:15 true
     0 | D:1      | 0 ||| qw: Do second Lair branch before Depths: true
     0 | D:1      | 0 ||| qw: Lair rune preference: random
     0 | D:1      | 0 ||| qw: Goals: Normal
     0 | D:1      | 0 ||| PLANNING D:1-11
   152 | D:1      | Reached skill level 6 in Ranged Weapons
   152 | D:1      | Reached XP level 2. HP: 16/16 MP: 4/4
   563 | D:1      | 563 ||| UPGRADING to +0 scale mail.
   573 | D:1      | 573 ||| DROPPING +0 leather armour.
   574 | D:1      | 574 ||| READING 3 scrolls labelled YRATYE UTAU.
   575 | D:1      | 575 ||| READING scroll labelled DUGUISSAFF.
   576 | D:1      | 576 ||| READING scroll labelled IGUIQO TOLILE.
   576 | D:1      | 576 ||| IDENTIFYING golden potion
   577 | D:1      | 577 ||| READING scroll labelled FARIL BUERR.
   578 | D:1      | 578 ||| DRINKING 2 fuming inky potions.
   579 | D:1      | 579 ||| DROPPING scroll of butterflies.
   580 | D:1      | 580 ||| DROPPING 2 scrolls of amnesia.
   581 | D:1      | 581 ||| DROPPING potion of magic.
   616 | D:2      | 616 ||| STAIRDANCE
   622 | D:1      | HP: 4/16 [poisoned by an adder]
   622 | D:1      | HP: 1/16 [adder (3)]
   624 | D:1      | Slain by an adder

Levels and vault maps discovered:
D:1:      amcnicky_arrival_gap_in_the_tavern_cellar, layout_rooms,
          lexackson_kobold_supper
D:2:      layout_basic, minmay_hedge_maze, uniq_crazy_yiuf_cottage, uniq_sigmund

Skill      XL: |  1 |
---------------+----+-----
Ranged Weapons | 6 |  6.5
Fighting       | |  1.5
Dodging        | |  2.4
Stealth        | |  1.2

Action                     || total
---------------------------++-------
   Fire: Shortbow          ||    76
    Use: Scroll            ||     4
         Potion            ||     1
 Armour: Leather armour    ||    15
         Scale mail        ||    10
  Dodge: Dodged            ||    25

Table legend:
 A = Non-vault XP
 B = Vault XP
 C = Vault XP percentage of total XP
 D = Non-vault monster count
 E = Vault monster count
 F = Vault count percentage of total count
                 A         B        C        D         E       F
            +---------+---------+-------+---------+---------+-------
      Total |      27 |       9 |  25.0 |      17 |       8 |  32.0
            +---------+---------+-------+---------+---------+-------
        D:1 |      27 |       9 |  25.0 |      17 |       8 |  32.0
            +---------+---------+-------+---------+---------+-------
